 Dungeon Crawl Stone Soup version 0.24-a0-545-gd1b266bae6 (webtiles) character file.

Game seed: 12430100423525874329

2686 Electrofox the Transmogrifier (level 9, 0/64 HPs)
             Began as a Yellow Draconian Transmuter on Aug 18, 2019.
             Was a Follower of Sif Muna.
             Slain by a killer bee (3 damage)
             ... on level 7 of the Dungeon.
             The game lasted 01:17:25 (10301 turns).

Electrofox the Transmogrifier (DrTm)               Turns: 10301, Time: 01:17:26

Health: 0/64       AC: 14    Str: 14    XL:     9   Next: 38%
Magic:  15/18      EV: 16    Int: 16    God:    Sif Muna [*.....]
Gold:   541        SH:  0    Dex: 11    Spells: 10/20 levels left

rFire    . . .     SeeInvis .     - Unarmed
rCold    + + .     Gourm    +   (no shield)
rNeg     . . .     Faith    .   (armour unavailable)
rPois    .         Spirit   .   (helmet restricted)
rElec    +         Reflect  .   A - +1 cloak of Starlight {rElec rC+ EV+4 Stlth--}
rCorr    +         Harm     .   d - +2 pair of gloves
MR       .....                  h - +1 pair of boots
Stlth    ..........             x - amulet of the gourmand
HPRegen  0.20/turn              y - ring of protection from cold
MPRegen  0.16/turn              (no ring)

@: lethally poisoned (0 -> -4)
A: spit acid, unfitting armour, cold-blooded, acid resistance, AC +7
a: Breathe Acid, Channel Magic, Renounce Religion


You were on level 7 of the Dungeon.
You worshipped Sif Muna.
Sif Muna was aware of your devotion.
You were completely stuffed.

You visited 2 branches of the dungeon, and saw 10 of its levels.

You collected 541 gold pieces.

Inventory:

Missiles
 u - 3 arrows
 B - 2 poisoned darts (quivered)
Armour
 d - a +2 pair of gloves (worn)
 h - a +1 pair of boots (worn)
 A - the +1 cloak of Starlight (worn) {rElec rC+ EV+4 Stlth--}
   (You found it on level 6 of the Dungeon)

   It affects your evasion (+4).
   It protects you from cold.
   It insulates you from electricity.
   It makes you much less stealthy.
Magical Staves
 a - an uncursed staff of energy
Jewellery
 m - an uncursed amulet of guardian spirit
 s - an uncursed ring of fire
 x - an amulet of the gourmand (around neck)
 y - a ring of protection from cold (left hand)
Wands
 k - a wand of flame (29)
 w - a wand of random effects (15)
 G - a wand of enslavement (13)
Scrolls
 b - 3 scrolls of enchant armour
 g - 2 scrolls of blinking {unknown}
 i - 2 scrolls of enchant weapon {unknown}
 j - 4 scrolls of identify
 n - 3 scrolls of amnesia {unknown}
 o - 2 scrolls of remove curse
 r - 3 scrolls of noise {unknown}
 v - a scroll of random uselessness {unknown}
 C - 2 scrolls of teleportation
 D - a scroll of silence {unknown}
 F - 2 scrolls of magic mapping {unknown}
Potions
 e - 2 potions of mutation
 f - 3 potions of ambrosia
 p - a potion of degeneration {unknown}
 q - a potion of flight {unknown}
 t - 4 potions of cancellation
 z - a potion of agility
 E - 2 potions of resistance
 H - a potion of invisibility {unknown}
Comestibles
 c - 17 rations


   Skills:
 - Level 1.1 Fighting
 - Level 1.7 Dodging
 + Level 7.9 Unarmed Combat
 + Level 6.3 Spellcasting
 - Level 8.0 Transmutations
 + Level 2.6 Ice Magic


You had 10 spell levels left.
You knew the following spells:

 Your Spells              Type           Power        Failure   Level  Hunger
a - Beastly Appendage     Tmut           ####..       1%          1    None
b - Sticks to Snakes      Tmut           ####....     1%          2    None
c - Spider Form           Tmut/Pois      ###.......   8%          3    ##.....
d - Ice Form              Ice/Tmut       ###.....     14%         4    ####...

Your spell library contained the following spells:

 Spells                   Type           Power        Failure   Level  Hunger
 Shock                    Conj/Air       #...         13%         1    None
 Blade Hands              Tmut           ####......   14%         5    #####..
 Swiftness                Chrm/Air       #.......     21%         2    None
 Static Discharge         Conj/Air       #.......     36%         3    ##.....
 Airstrike                Air            #.........   78%         4    ####...
 Lightning Bolt           Conj/Air       #.........   98%         5    #####..


Dungeon Overview and Level Annotations

Branches:
Dungeon (9/15)             Temple (1/1) D:5
   Lair: D:8-11         Orc: D:9-12

Altars:
Ashenzari
Cheibriados
Dithmenos
Elyvilon
Fedhas
Gozag
Hepliaklqana
Kikubaaqudgha
Makhleb
Nemelex Xobeh
Okawaru
Qazlal
Ru
Sif Muna
Trog
Uskayaw
Vehumet
Wu Jian
Xom
Yredelemnul
Zin
The Shining One

Annotations:
D:3 exclusion: 2 orcs
D:4 exclusion: door
D:5 exclusion: ice beast


Innate Abilities, Weirdness & Mutations

You can spit globs of acid.
Your golden yellow scales are hard. (AC +7)
You cannot fit into any form of body armour.
You are cold-blooded and may be slowed by cold attacks.
You are resistant to acid. (rCorr)


Message History

You swap places.
You feel sick. The killer bee stings your ball python.
Your ball python is poisoned.
The killer bee poisons your ball python!
The killer bee barely misses your ball python.
Your ball python bites the killer bee but does no damage.
Your ball python completely misses the killer bee.
The killer bee stings your ball python.
Your ball python dies!
The killer bee barely misses you.
Casting: Sticks to Snakes (safe; 1% risk of failure)
Confirm with . or Enter, or press ? or * to list all spells.
You create 2 snakes!
You now have 3 arrows.
The killer bee stings you.
* * * LOW HITPOINT WARNING * * *
The killer bee stings you!
* * * LOW HITPOINT WARNING * * *
You are lethally poisoned!
The killer bee poisons you!
* * * LOW HITPOINT WARNING * * *
You feel sick. The killer bee stings you.
You die...

#.#########.##.##.#..#######..##.
......#...........#..#######.....
#.###.#.###.##...................
#.# #.#.# #.####..#........##....
#.###.#.# #.####..###.####.##....
#.#.....# #.......# #.# #.##....
#.#.....########S## #.# #.......
#............###.####.# ####....
###.....####....@y.>..# #....
#.....# #..##.############...#
#####.#.# #..##S(.[.)........##.
......#.# #..##..##############.
...####.####..##..# #. ##.#
#...........# #. #.#
######......# #. #.# ##.##### #.
#.# #.# #.


You could see a killer bee, a friendly water moccasin and a friendly ball
python.

Vanquished Creatures
  An ice beast (D:8)
  An orc warrior (D:7)
  A black bear (D:6)
  A phantom (D:7)
  A sky beast (D:5)
  A necrophage (D:7)
  4 ogres
  A bullfrog (D:7)
  A water moccasin zombie (D:6)
  2 scorpions (D:5)
  5 killer bees
  A howler monkey (D:5)
  A crimson imp (D:7)
  A bullfrog zombie (D:5)
  A centaur zombie (D:6)
  An orc priest (D:3)
  4 orc wizards
  3 jellies
  2 bullfrog skeletons
  8 hounds
  A centaur skeleton (D:5)
  4 iguanas
  5 worker ants
  A worker ant zombie (D:6)
  3 gnolls (D:6)
  2 oozes
  An adder skeleton (D:6)
  An adder zombie (D:7)
  5 worms
  3 dart slugs
  6 leopard geckos
  22 orcs
  4 bats
  7 giant cockroaches
  8 hobgoblins
  A jackal (D:2)
  6 kobolds
  5 quokkas
  2 frilled lizards
  11 goblins
  A quokka skeleton (D:4)
  8 rats
148 creatures vanquished.

Vanquished Creatures (collateral kills)
  A hippogriff (D:8)
  A black bear (D:6)
  An ogre (D:7)
  A killer bee (D:9)
  A howler monkey (D:8)
  A bullfrog skeleton (D:9)
  An orc wizard (D:5)
  A hound zombie (D:6)
  4 orcs
  A jackal skeleton (D:8)
13 creatures vanquished.

Grand Total: 161 creatures vanquished

Notes
Turn   | Place    | Note
-------+----------+-------------------------------------------
     0 | D:1      | Electrofox the Draconian Transmuter began the quest for the
                  | Orb.
     0 | D:1      | Reached XP level 1. HP: 16/16 MP: 3/3
   209 | D:1      | Reached XP level 2. HP: 22/23 MP: 3/5
   919 | D:2      | Reached XP level 3. HP: 28/28 MP: 7/7
   940 | D:2      | Found a shadowy altar of Dithmenos.
  1275 | D:2      | Learned a level 2 spell: Sticks to Snakes
  1386 | D:2      | Found a hazy altar of Hepliaklqana.
  1713 | D:2      | Reached XP level 4. HP: 24/35 MP: 7/9
  2227 | D:3      | Reached skill level 3 in Transmutations
  2591 | D:3      | Reached XP level 5. HP: 21/40 MP: 8/11
  2596 | D:3      | Learned a level 3 spell: Spider Form
  2792 | D:3      | Found an opulent altar of Gozag.
  3178 | D:4      | Reached skill level 4 in Transmutations
  3896 | D:4      | Reached XP level 6. HP: 43/47 MP: 11/13
  4134 | D:4      | Reached skill level 5 in Spellcasting
  4521 | D:5      | Entered Level 5 of the Dungeon
  4630 | D:5      | Found a staircase to the Ecumenical Temple.
  4721 | Temple   | Entered the Ecumenical Temple
  4939 | Temple   | Became a worshipper of Sif Muna the Loreminder
  5022 | D:5      | Your scales start taking on a golden yellow colour.
  5022 | D:5      | Reached XP level 7. HP: 50/52 MP: 14/16
  5022 | D:5      | Gained mutation: You are resistant to acid. (rCorr) [Yellow
                  | Draconian growth]
  5303 | D:5      | Reached skill level 5 in Transmutations
  5566 | D:5      | Found an opulent altar of Gozag.
  6842 | D:6      | Reached skill level 6 in Transmutations
  6842 | D:6      | Reached XP level 8. HP: 52/59 MP: 17/17
  6864 | D:6      | Found the +1 cloak of Starlight {rElec rC+ EV+4 Stlth--}
  7173 | D:6      | Reached skill level 5 in Unarmed Combat
  7439 | D:7      | Reached * piety under Sif Muna
  7657 | D:7      | Reached skill level 7 in Transmutations
  8851 | D:7      | You fall into a shaft and drop 2 floors!
  8920 | D:9      | Found an ancient bone altar of Kikubaaqudgha.
  8944 | D:8      | Noticed a hippogriff
  9190 | D:7      | Reached skill level 8 in Transmutations
  9190 | D:7      | Reached XP level 9. HP: 64/64 MP: 18/18
  9655 | D:8      | Learned a level 4 spell: Ice Form
  9874 | D:8      | Reached skill level 1 in Ice Magic
  9974 | D:8      | Noticed a white ugly thing
 10301 | D:7      | HP: 3/64 [poisoned by a killer bee]
 10301 | D:7      | Slain by a killer bee

Levels and vault maps discovered:
D:1:      minmay_arrival_three_doors, layout_loops_ring
D:2:      layout_basic, lemuel_crystal_altar, lemuel_crystal_altar,
          first_ration, minmay_split_cup_large
D:3:      layout_basic, nicolae_gozag_seed_capital
D:4:      layout_rooms, serial_shops, kennysheep_mini, hex_large, minivault_26
D:5:      layout_loops_corners, overflow_temple_1_default, temple_fountains,
          minivault_11
D:6:      layout_rooms, serial_park_tiny_2
D:7:      layout_loops_ring, grunt_ogre_cave
D:8:      layout_rooms
D:9:      layout_cave_pools, nicolae_overflow_crystal_walls, orc_david_3,
          minivault_22, minmay_three_doors, uniq_erolcha, uniq_joseph
Temple:   dpeg_five_rooms_temple

Skill      XL: |  1  2  3  4  5  6  7  8  9 |
---------------+----------------------------+-----
Spellcasting   | 3 4 6 |  6.3
Transmutations | 3 4 6 8 |  8.0
Unarmed Combat | 4 6 7 |  7.9
Ice Magic      | 2 |  2.6
Fighting       | |  1.1
Dodging        | |  1.7

Action                   |  1- 3 |  4- 6 |  7- 9 || total
-------------------------+-------+-------+-------++-------
Melee: Unarmed           |   125 |   216 |   417 ||   758
       Tailslap          |    14 |    22 |    35 ||    71
       Kick              |     3 |    17 |    15 ||    35
       Punch             |     3 |     1 |     8 ||    12
       Headbutt          |     1 |     9 |    37 ||    47
       Staff             |       |       |    10 ||    10
Throw: Boomerang         |    27 |     9 |       ||    36
       Dart              |     7 |    38 |    44 ||    89
 Cast: Beastly Appendage |     7 |    14 |    38 ||    59
       Sticks to Snakes  |       |       |    18 ||    18
       Spider Form       |       |       |     1 ||     1
 Abil: Breathe Acid      |       |       |     2 ||     2
Evoke: Wand              |       |       |     7 ||     7
  Use: Scroll            |       |     6 |     7 ||    13
       Potion            |       |       |     3 ||     3
 Stab: Distracted        |     1 |       |     3 ||     4
       Sleeping          |     2 |       |       ||     2
  Eat: Chunk             |     3 |     9 |    29 ||    41
       Ration            |       |       |     2 ||     2
Armor: Skin              |    30 |    61 |   201 ||   292
Dodge: Dodged            |    69 |   126 |   387 ||   582

Table legend:
 A = Non-vault XP
 B = Vault XP
 C = Vault XP percentage of total XP
 D = Non-vault monster count
 E = Vault monster count
 F = Vault count percentage of total count
                 A         B        C        D         E       F
            +---------+---------+-------+---------+---------+-------
      Total |    3715 |     123 |   3.2 |     156 |       5 |   3.1
            +---------+---------+-------+---------+---------+-------
        D:1 |      39 |       0 |   0.0 |      21 |       0 |   0.0
        D:2 |      58 |       7 |  10.8 |      23 |       4 |  14.8
        D:3 |     170 |       0 |   0.0 |      20 |       0 |   0.0
        D:4 |     430 |       0 |   0.0 |      17 |       0 |   0.0
        D:5 |     632 |       0 |   0.0 |      18 |       0 |   0.0
        D:6 |     456 |       0 |   0.0 |      15 |       0 |   0.0
        D:7 |     904 |     116 |  11.4 |      15 |       1 |   6.2
        D:8 |     860 |       0 |   0.0 |      20 |       0 |   0.0
        D:9 |     166 |       0 |   0.0 |       7 |       0 |   0.0
            +---------+---------+-------+---------+---------+-------
